Map: Acropolis LE

Players

GOReynor (Reynor) - Winner!

  • Race: Zerg Zerg
  • League: Master
  • Spawn Location: 5:00

LiquidSnute (Snute)

  • Race: Zerg Zerg
  • League: Grandmaster
  • Spawn Location: 11:00

Event: NationWars 2019

VOD

Have the link to the VOD?

Description

Time

  • Played on: Oct. 10, 2019, 11:27 a.m.
  • Length: 13:13

All games in this series

Show
View Real Time Build Order
Export as new Build Order

GOReynor Zerg - Winner!

Build Orders: Hatch First 

Get SALT Encoding   

  12  0:00  Drone  
  13  0:12  Overlord  
  13  0:16  Drone  
  14  0:30  Drone x2  
  16  0:46  Hatchery  
  16  0:50  Drone  
  16  0:54  Drone  
  17  1:08  Spawning Pool  
  17  1:11  Drone  
  17  1:13  Drone  
  17  1:17  Extractor  
  17  1:19  Drone  
  18  1:28  Drone  
  19  1:43  Drone  
  20  1:49  Overlord  
  20  1:54  Queen  
  20  1:59  Drone, Queen  
  20  2:00  Drone  
  26  2:10  Zergling x2  
  26  2:11  Drone  
  28  2:19  Metabolic Boost  
  28  2:20  Drone  
  28  2:22  Drone  
  30  2:33  Hatchery  
  30  2:36  Drone  
  30  2:38  Drone  
  30  2:42  Drone  
  32  2:46  Overlord  
  32  2:52  Baneling Nest  
  32  2:53  Drone  
  32  2:54  Drone  
  33  3:02  Zergling x2  
  33  3:04  Drone  
  33  3:05  Drone x2  
  37  3:07  Drone  
  37  3:08  Zergling x2  
  37  3:10  Zergling x2  
  40  3:13  Zergling x2  
  40  3:16  Overlord  
  40  3:18  Zergling x2  
  42  3:23  Queen  
  44  3:32  Overlord  
  44  3:35  Baneling  
  44  3:36  Drone x2  
  44  3:37  Evolution Chamber  
  44  3:38  Drone x2  
  44  3:40  Drone  
  48  3:43  Drone  
  48  3:47  Drone x3  
  51  3:50  Drone  
  51  3:52  Drone  
  51  3:53  Drone  
  54  3:56  Drone  
  54  4:00  Overlord  
  55  4:02  Zerg Missile Weapons Level 1  
  55  4:04  Drone  
  55  4:08  Drone x2  
  58  4:12  Drone x3  
  60  4:19  Zergling x4  
  60  4:22  Lair  
  60  4:23  Drone  
  63  4:24  Roach Warren  
  63  4:26  Drone, Extractor  
  63  4:28  Drone, Extractor  
  62  4:33  Drone x3  
  62  4:35  Overlord  
  62  4:36  Drone  
  66  4:39  Drone  
  66  4:43  Drone x2  
  66  4:44  Drone  
  70  4:45  Overlord  
  70  4:46  Drone x3  
  70  4:50  Pneumatized Carapace  
  70  4:51  Extractor  
  70  4:52  Extractor  
  71  4:53  Zergling x4  
  71  4:57  Drone  
  74  5:02  Overlord  
  74  5:03  Drone  
  74  5:06  Drone x3  
  77  5:13  Overlord  
  77  5:14  Drone  
  77  5:15  Drone x3  
  77  5:17  Extractor  
  77  5:20  Roach x3  
  86  5:21  Overseer  
  86  5:25  Glial Reconstitution  
  86  5:29  Drone, Hatchery  
  86  5:33  Overlord  
  86  5:34  Roach x3  
  92  5:41  Overlord  
  92  5:49  Roach x6  
  106  5:50  Roach  
  106  5:53  Overlord, Evolution Chamber  
  105  5:58  Spine Crawler, Roach x2  
  105  5:59  Spine Crawler  
  105  6:00  Roach  
  105  6:01  Roach  
  105  6:03  Roach  
  113  6:08  Ravager  
  113  6:09  Roach x2  
  118  6:12  Ravager, Overlord  
  118  6:15  Roach, Ravager  
  118  6:16  Spine Crawler  
  118  6:18  Roach x4  
  129  6:21  Overlord  
  128  6:26  Roach  
  128  6:29  Roach x3  
  128  6:31  Zerg Missile Weapons Level 2  
  128  6:35  Roach  
  128  6:36  Roach  
  130  6:42  Zerg Ground Armor Level 1  
  130  6:43  Drone x4  
  130  6:44  Roach  
  136  6:48  Roach  
  136  6:52  Overlord  
  138  6:57  Roach x3  
  138  7:00  Roach x2  
  137  7:03  Roach x2  
  137  7:08  Roach  
  129  7:10  Roach  
  129  7:13  Roach x3  
  129  7:14  Roach  
  129  7:15  Ravager, Queen  
  138  7:17  Ravager  
  138  7:18  Roach  
  141  7:23  Roach x2  
  141  7:25  Roach x2  
  145  7:31  Overlord  
  145  7:33  Drone  
  145  7:35  Overlord  
  146  7:44  Overlord  
  146  7:45  Overseer  
  146  7:49  Drone  
  146  7:50  Drone x2  
  149  7:52  Drone x2  
  149  7:53  Drone x2, Hatchery  
  149  7:56  Roach  
  154  7:59  Burrow  
  154  8:02  Roach x2  
  158  8:07  Drone x2  
  158  8:08  Roach  
  158  8:11  Ravager  
  158  8:12  Roach x2  
  167  8:15  Roach  
  169  8:20  Overlord  
  169  8:27  Overlord  
  169  8:29  Overlord  
  169  8:30  Ravager  
  170  8:41  Roach  
  170  8:42  Roach x3  
  170  8:46  Roach x3  
  170  8:47  Roach  
  186  8:49  Overlord  
  186  8:50  Roach  
  186  8:51  Roach x3  
  194  9:01  Roach x4  
  194  9:02  Roach x2  
  188  9:05  Roach  
  188  9:06  Roach x26  
  188  9:09  Tunneling Claws  
  176  9:12  Roach x6  
  188  9:19  Roach x2  
  188  9:20  Roach x2  
  188  9:23  Roach x2  
  200  9:31  Roach x2  
  200  9:37  Roach x5  
  196  9:42  Roach x2  
  200  9:46  Infestation Pit  
  200  9:48  Spore Crawler, Roach  
  200  9:57  Spore Crawler  
  200  9:59  Overseer  
  199  10:02  Roach x11  
  195  10:08  Roach  
  195  10:09  Roach  
  197  10:29  Roach x2  
  197  10:33  Roach x9  
  194  10:35  Roach x3  
  194  10:36  Roach x3  
  194  10:39  Roach x2  
  194  10:40  Roach x15  
  190  10:44  Hive  
  190  10:45  Roach x3  
  190  10:48  Drone x3  
  197  10:50  Roach x9, Ravager  
  197  10:52  Roach  
  197  10:56  Roach x5  
  192  11:04  Roach x3  
  192  11:05  Roach  
  200  11:17  Roach x7  
  191  11:21  Roach  
  191  11:22  Roach x10  
  191  11:23  Roach x5  
  191  11:25  Roach x3  
  187  11:29  Roach x4  
  183  11:33  Roach x7, Ravager x2  
  184  11:40  Roach x3  
  184  11:45  Roach x7  
  184  11:46  Ravager  
  200  11:50  Hydralisk Den  
  197  11:55  Roach x5  
  197  12:00  Roach  
  197  12:01  Roach x5  
  185  12:15  Roach x2  
  185  12:16  Roach x7  
  185  12:17  Roach x5  
  185  12:18  Roach x3  
  182  12:23  Roach x7  
  178  12:31  Roach  
  178  12:32  Roach  
  178  12:34  Roach x5  
  178  12:35  Roach  
  170  12:42  Lurker Den  
Show
View Real Time Build Order
Export as new Build Order

LiquidSnute Zerg 

Build Orders: Hatch First 

Get SALT Encoding   

  12  0:00  Drone  
  13  0:12  Overlord  
  13  0:16  Drone  
  14  0:30  Drone x2  
  14  0:34  Drone  
  17  0:51  Hatchery  
  17  0:53  Drone  
  17  0:56  Drone  
  18  1:08  Extractor  
  17  1:11  Spawning Pool  
  17  1:15  Drone  
  17  1:17  Drone  
  18  1:27  Drone  
  19  1:38  Overlord  
  19  1:49  Drone  
  20  1:57  Queen  
  20  1:59  Drone  
  23  2:02  Queen  
  23  2:03  Drone  
  23  2:07  Metabolic Boost  
  26  2:10  Drone  
  27  2:24  Hatchery  
  27  2:26  Drone  
  27  2:29  Drone  
  28  2:31  Drone  
  28  2:35  Drone  
  28  2:36  Drone  
  31  2:43  Overlord  
  31  2:45  Drone  
  32  2:52  Queen  
  32  2:57  Baneling Nest  
  32  2:58  Zergling x2  
  34  2:59  Zergling x2  
  34  3:05  Drone  
  36  3:06  Zergling x4  
  36  3:07  Zergling x2  
  36  3:09  Drone  
  41  3:12  Drone  
  41  3:14  Overlord  
  41  3:18  Drone  
  42  3:24  Overlord  
  42  3:30  Zergling x4  
  44  3:40  Drone x4  
  48  3:41  Drone  
  48  3:43  Drone x3  
  48  3:47  Drone  
  52  3:50  Lair  
  52  3:52  Extractor  
  52  3:53  Baneling x2  
  52  3:55  Drone x2  
  53  3:58  Extractor  
  53  3:59  Evolution Chamber  
  51  4:04  Roach Warren  
  51  4:07  Drone x2  
  52  4:14  Drone x4  
  55  4:18  Drone x2  
  55  4:19  Drone  
  55  4:22  Drone x2  
  60  4:26  Zerg Missile Weapons Level 1  
  60  4:31  Overlord  
  60  4:34  Drone x3  
  60  4:38  Overlord  
  62  4:41  Overlord  
  64  4:45  Roach  
  64  4:49  Glial Reconstitution  
  64  4:51  Roach x3  
  70  4:54  Overlord  
  70  5:00  Overlord  
  70  5:01  Roach x2  
  70  5:04  Extractor  
  70  5:05  Roach x2, Extractor  
  76  5:15  Roach x4  
  76  5:17  Roach  
  86  5:27  Roach x3  
  92  5:31  Overlord x2  
  92  5:34  Overlord  
  100  5:35  Roach x4  
  100  5:40  Overlord  
  100  5:48  Extractor  
  99  5:50  Roach x5  
  99  5:51  Roach  
  111  5:59  Roach x3  
  111  6:00  Roach  
  119  6:04  Roach x2  
  124  6:13  Roach x4  
  124  6:17  Baneling x3  
  124  6:18  Baneling  
  132  6:20  Zergling x8  
  136  6:31  Roach x2  
  136  6:32  Roach x2  
  137  6:38  Drone x3, Overlord  
  132  6:42  Ravager  
  132  6:43  Ravager  
  132  6:44  Overlord  
  132  6:45  Drone x4  
  138  6:49  Overlord  
  138  6:53  Overlord  
  134  7:00  Drone x6  
  133  7:03  Roach x2  
  123  7:10  Drone x2, Roach x2  
  123  7:11  Drone x4  
  123  7:13  Zerg Missile Weapons Level 2  
  128  7:15  Ravager x2  
  128  7:16  Overlord  
  127  7:23  Ravager x2  
  127  7:24  Roach x3  
  127  7:25  Roach  
  129  7:30  Roach x4  
  129  7:36  Extractor  
  136  7:40  Roach x2  
  140  7:47  Hatchery  
  139  7:52  Roach x9  
  139  7:57  Ravager  
  139  7:58  Pneumatized Carapace  
  158  8:01  Roach  
  158  8:04  Overlord x4  
  160  8:09  Overseer  
  160  8:13  Evolution Chamber  
  160  8:15  Roach x3, Hydralisk Den  
  160  8:16  Roach  
  166  8:23  Roach x4  
  166  8:24  Roach  
  177  8:28  Ravager x2  
  177  8:29  Overlord  
  179  8:36  Roach x5  
  189  8:45  Roach x2  
  193  8:49  Overlord  
  193  8:51  Ravager  
  176  9:08  Roach x13  
  188  9:10  Ravager  
  188  9:13  Extractor  
  188  9:14  Roach x4  
  196  9:18  Roach x2  
  196  9:21  Overseer  
  184  9:47  Roach x8  
  184  9:51  Zerg Ground Armor Level 1  
  195  10:10  Roach x2  
  195  10:11  Overlord  
  195  10:13  Ravager  
  200  10:20  Hydralisk Den  
  199  10:25  Spine Crawler  
  199  10:26  Spore Crawler, Spine Crawler x3  
  192  10:32  Roach x9  
  182  10:38  Roach x11  
  184  10:46  Roach x3  
  190  10:50  Roach x4  
  190  10:52  Lurker Den  
  198  10:57  Ravager  
  198  10:58  Ravager  
  198  11:01  Roach x2  
  197  11:08  Ravager x2  
  191  11:25  Roach x14  
  171  11:35  Roach x5  
  181  11:42  Roach x3  
  181  11:45  Roach  
  189  11:50  Roach x2  
  191  12:02  Spore Crawler  
  191  12:05  Roach x6  
  200  12:10  Spore Crawler  
  180  12:20  Roach x4  
  180  12:21  Roach x8  
  161  12:28  Overlord  
  139  12:31  Roach x4  
  122  12:38  Roach x3  
  105  12:44  Roach x2  
Tags
 
Add a new tag
Caveats
  • Supply blocks, unpowered buildings, or Contaminate may cause inaccurate times.
  • Supply counts are checked every 10 seconds.